 Dungeon Crawl Stone Soup version 0.28.0-47-ge53b351184 (webtiles) character file.

Game seed: 11629706241943161400

6013 issech the Basher (level 10, -1/98 HPs)
             Began as a Troll Monk on May 9, 2022.
             Slain by Grum
             ... wielding a +0 vorpal spear
              (2 damage)
             ... on level 9 of the Dungeon.
             The game lasted 00:52:31 (9779 turns).

issech the Basher (Troll Monk)                      Turns: 9779, Time: 00:52:31

Health: -1/98      AC: 12    Str: 21    XL:     10   Next: 56%
Magic:  9/9        EV: 12    Int:  6    God:
Gold:   570        SH:  0    Dex: 16    Spells: 9/9 levels left

rFire   . . .      SeeInvis .   F - +5 great sword
rCold   . . .      Faith    .   (shield currently unavailable)
rNeg    . . .      Spirit   .   L - +0 troll leather armour
rPois   +          Reflect  .   K - +0 hat
rElec   .          Harm     .   G - +1 cloak
rCorr   .          Rampage  .   (gloves unavailable)
Will    .....                   (boots unavailable)
Stlth   ++........              N - amulet of magic regeneration
HPRegen 1.86/turn               h - +4 ring of protection
MPRegen 0.51/turn               r - ring of poison resistance

@: no status effects
A: large, unfitting armour, claws 3, regeneration 1, shaggy fur 1, tough skin 1
a: no special abilities


You were on level 9 of the Dungeon.
You visited 2 branches of the dungeon, and saw 10 of its levels.
You also visited: Sewer and Ossuary.

You collected 570 gold pieces.

Inventory:

Hand Weapons
 a - a +1 mace
 e - a +0 giant spiked club
 D - a +2 whip of electrocution
 F - a +5 great sword (weapon)
 R - a +1 vorpal hand axe
 W - a +0 morningstar
 Z - a +2 short sword of electrocution
Missiles
 f - 401 stones
 g - 3 curare-tipped darts
 n - 235 arrows
 s - 34 bolts
 v - 5 boomerangs (quivered)
 E - 2 silver javelins
 H - a javelin
 T - 4 throwing nets
 V - 29 poisoned darts
Armour
 G - a +1 cloak (worn)
 K - a +0 hat (worn)
 L - a +0 troll leather armour (worn)
Magical Staves
 u - a staff of poison
Jewellery
 b - a ring of protection from fire
 h - a +4 ring of protection (left claw)
 m - a ring of protection from cold
 p - a ring of flight
 r - a ring of poison resistance (right claw)
 I - an amulet of faith
 J - a ring of protection from cold
 N - an amulet of magic regeneration (around neck)
 S - a ring of fire
Wands
 y - a wand of iceblast (2)
 z - a wand of polymorph (2)
 P - a wand of acid (8)
 Q - a wand of digging (6)
 U - a wand of flame (33)
Scrolls
 d - 5 scrolls of enchant weapon
 k - 2 scrolls of fear
 o - 2 scrolls of identify
 C - 2 scrolls of amnesia
 O - 2 scrolls of teleportation
 X - a scroll of silence
 Y - a scroll of magic mapping
Potions
 c - 4 potions of heal wounds {unknown}
 i - 3 potions of might {unknown}
 j - a potion of ambrosia {unknown}
 l - 3 potions of brilliance {unknown}
 q - 4 potions of degeneration {unknown}
 t - 3 potions of haste {unknown}
 w - 2 potions of mutation {unknown}
 x - 6 potions of magic {unknown}
 A - a potion of cancellation {unknown}
 B - 5 potions of curing {unknown}
 M - 2 potions of flight {unknown}


   Skills:
 + Level 6.2 Fighting
 + Level 6.5 Long Blades
 + Level 8.0 Maces & Flails
 + Level 3.1 Throwing
 + Level 2.3 Armour
 + Level 6.0 Dodging
 + Level 2.3 Stealth


You had 9 spell levels left.
You didn't know any spells.
Your spell library contained the following spells:

 Spells                   Type           Power      Damage    Failure   Level
 Magic Dart               Conj           0%         1d3       50%         1
 Call Imp                 Summ           0%         N/A       65%         2
 Searing Ray              Conj           0%         2d4       65%         2
 Gell's Gravitas          Tloc           0%         N/A       86%         3
 Mephitic Cloud           Conj/Pois/Air  0%         N/A       86%         3
 Stone Arrow              Conj/Erth      0%         3d7       86%         3
 Teleport Other           Tloc           0%         N/A       86%         3
 Tukima's Dance           Hex            0%         N/A       86%         3
 Fulminant Prism          Conj/Hex       0%         3d6       99%         4
 Passage of Golubria      Tloc           0%         N/A       99%         4
 Iskenderun's Battlesphe  Conj           0%         2d6       100%        5
 Yara's Violent Unravell  Hex/Tmut       0%         3d3       100%        5
 Dispersal                Tloc           0%         N/A       100%        6
 Iron Shot                Conj/Erth      0%         9d1       100%        6
 Malign Gateway           Summ/Tloc      0%         N/A       100%        7
 Spellforged Servitor     Conj/Summ      0%         N/A       100%        7


Dungeon Overview and Level Annotations

Branches:
Dungeon (9/15)             Temple (1/1) D:7            Lair (0/6) D:8
  Sewer (visited)         Ossuary (visited)
    Orc: D:9-12

Altars:
Ashenzari
Cheibriados
Dithmenos
Elyvilon
Fedhas
Gozag
Kikubaaqudgha
Makhleb
Nemelex Xobeh
Okawaru
Qazlal
Ru
Sif Muna
Trog
Vehumet
Xom
Yredelemnul
Zin
The Shining One
Beogh

Shops:
D:5 =

Annotations:
D:9 Grum


Innate Abilities, Weirdness & Mutations

You are too large for most types of armour.
You have claws for hands.
Your natural rate of healing is unusually fast.
You are covered in fur. (AC +1)
You have tough skin. (AC +1)


Message History

The wolf bites you but does no damage. The wolf completely misses you.
Grum drinks a potion.
Grum goes berserk!
You slash the wolf!
The wolf is moderately wounded.
The wolf closely misses you.
Grum breaks down the huge gate.
The wolf bites you but does no damage.
Found a glowing scale mail.
A killer bee simulacrum comes into view.
You hit the wolf.
The wolf is heavily wounded.
The wolf bites you.
The killer bee simulacrum hits you but does no damage.
The wolf bites you but does no damage.
The killer bee simulacrum hits you but does no damage.
You hear a howl!
The killer bee simulacrum hits you. The killer bee simulacrum freezes you.
The bullfrog hits you but does no damage.
The killer bee simulacrum hits you but does no damage.
The orc priest begins to cast a cantrip, but forgets the words!
Grum hits you but does no damage.
The bullfrog hits you but does no damage.
Grum hits you from afar with a +0 vorpal spear!!
The bullfrog closely misses you.
Grum hits you from afar with a +0 vorpal spear.
The bullfrog hits you.
Grum hits you from afar with a +0 vorpal spear!
You slash the bullfrog!
The bullfrog is moderately wounded.
The bullfrog misses you. Grum misses you. The bullfrog misses you.
You slice the bullfrog!!
You kill the bullfrog!
Grum hits you from afar with a +0 vorpal spear!
Grum hits you from afar with a +0 vorpal spear!!
* * * LOW HITPOINT WARNING * * *
x2 The wolf barely misses you.
Your Throwing skill increases to level 3!
Grum barely misses you.
Grum hits you from afar with a +0 vorpal spear!!
* * * LOW HITPOINT WARNING * * *
You die...

#.## #. #..##
########{ ##..#
......... ##.#
......... #.#
......... #.#
......... #.#
......... #.#
......... #@#
#####+### #.# .
#g## #Zh# ##.#
#h## #########+
#oZ#####oZ.......
##..Z.ZZh#.......
##Z'Z''##.....h.


You could see Grum (berserk), 2 wolves, a killer bee simulacrum, an orc and a
centaur zombie.

Vanquished Creatures
  Harold (D:7)
  Maurice (D:9)
  The ghost of Clownsaurus the Slasher, a novice HOFi (D:4)
  A kobold demonologist (D:8)
  A troll (D:5)
  Grinder (Sewer)
  A wraith (D:7)
  4 yaks (D:9)
  A wyvern (D:8)
  A water moccasin (D:8)
  An orc warrior (D:6)
  An ice beast (D:4)
  A sky beast (D:6)
  2 ogres (D:5)
  4 centaurs
  A phantom (Sewer)
  A bullfrog (D:9)
  6 kobold brigands
  2 scorpions (D:5)
  An elf zombie (Ossuary)
  A gnoll sergeant (D:6)
  A water moccasin zombie (D:5)
  4 killer bees (D:8)
  A wight (Sewer)
  4 howler monkeys
  3 centaur zombies
  3 hounds
  A jelly (D:8)
  4 orc priests
  A human zombie (Ossuary)
  2 centaur skeletons
  3 iguanas
  6 orc wizards
  2 hound zombies (Ossuary)
  A hound skeleton (D:5)
  3 mummies (Ossuary)
  3 gnolls (D:6)
  13 adders
  A howler monkey skeleton (D:5)
  3 river rats (D:4)
  3 shadow imps
  2 white imps (D:7)
  6 ufetubi
  3 adder zombies (Ossuary)
  5 worms
  A dart slug (D:2)
  18 orcs
  4 bats
  A bat zombie (Sewer)
  5 endoplasms
  3 gnoll zombies (Ossuary)
  4 goblins
  7 hobgoblins
  3 quokkas (D:4)
  4 ball pythons
  3 frilled lizards
  A giant cockroach zombie (Sewer)
  A goblin zombie (Ossuary)
  7 hobgoblin zombies (Ossuary)
  4 jackal zombies (Ossuary)
  44 kobolds
  10 kobold skeletons (D:8)
  14 kobold zombies
  An orc zombie (Ossuary)
  3 quokka zombies (Ossuary)
  6 rats
  4 rat zombies
260 creatures vanquished.

Vanquished Creatures (others)
  A kobold brigand (Sewer)
  A shadow imp (D:8)
  3 fungi (D:8)
  10 plants
15 creatures vanquished.

Grand Total: 275 creatures vanquished

Notes
Turn   | Place    | Note
-------+----------+-------------------------------------------
     0 | D:1      | issech the Troll Monk began the quest for the Orb.
     0 | D:1      | Reached XP level 1. HP: 22/22 MP: 0/0
   622 | D:2      | Reached XP level 2. HP: 29/29 MP: 1/1
   690 | D:2      | Reached skill level 3 in Maces & Flails
  1085 | D:2      | Reached XP level 3. HP: 36/36 MP: 2/2
  1843 | D:3      | Reached XP level 4. HP: 44/44 MP: 3/3
  2198 | D:3      | Found a snail-covered altar of Cheibriados.
  2408 | D:4      | Noticed a kobold brigand
  2423 | D:4      | Killed a kobold brigand
  2424 | D:4      | Reached skill level 4 in Maces & Flails
  2424 | D:4      | Reached XP level 5. HP: 46/53 MP: 4/4
  2450 | D:4      | Identified the +2 pair of gloves of Xuohiv {rC++}
  2571 | D:4      | Found a glowing drain.
  2579 | Sewer    | Entered a sewer
  2715 | Sewer    | Reached XP level 6. HP: 61/61 MP: 5/5
  2936 | Sewer    | Found an ancient bone altar of Kikubaaqudgha.
  2963 | Sewer    | Reached skill level 5 in Maces & Flails
  3085 | Sewer    | Noticed Grinder
  3088 | Sewer    | Paralysed by Grinder for 2 turns
  3138 | Sewer    | Paralysed by Grinder for 2 turns
  3158 | Sewer    | Paralysed by Grinder for 6 turns
  3193 | Sewer    | Killed Grinder
  3194 | Sewer    | Reached skill level 1 in Throwing
  3194 | Sewer    | Reached XP level 7. HP: 52/67 MP: 6/6
  4132 | D:5      | Entered Level 5 of the Dungeon
  4175 | D:5      | Found Buedgh's Jewellery Boutique.
  4238 | D:5      | Found a sand-covered staircase.
  4255 | Ossuary  | Entered an ossuary
  4320 | Ossuary  | Reached skill level 6 in Maces & Flails
  4471 | Ossuary  | Reached XP level 8. HP: 78/78 MP: 7/7
  4742 | D:5      | Noticed a troll
  5648 | D:5      | Found a runed translucent gate.
  5650 | D:5      | Found a runed translucent gate.
  5650 | D:5      | Identified the +5 scale mail of Music {rElec rN+ Regen+}
  5650 | D:5      | Noticed Clownsaurus's ghost (novice HOFi)
  5651 | D:5      | Found a runed translucent gate.
  5655 | D:5      | Reached skill level 7 in Maces & Flails
  5741 | D:4      | Killed Clownsaurus's ghost
  5742 | D:4      | Reached skill level 5 in Dodging
  5959 | D:5      | Killed a troll
  5960 | D:5      | Reached XP level 9. HP: 64/87 MP: 8/8
  6263 | D:6      | Got Sif Muna's Reference Book on the Quantum Mountains
  6326 | D:6      | Reached skill level 8 in Maces & Flails
  6504 | D:6      | Reached skill level 1 in Long Blades
  6527 | D:6      | Reached skill level 5 in Fighting
  6709 | D:6      | Reached skill level 1 in Armour
  7349 | D:7      | Found a staircase to the Ecumenical Temple.
  7357 | Temple   | Entered the Ecumenical Temple
  7840 | D:7      | Noticed Harold
  7857 | D:7      | Killed Harold
  8165 | D:8      | Found a staircase to the Lair.
  8223 | D:8      | Reached XP level 10. HP: 91/97 MP: 9/9
  8331 | D:8      | Reached skill level 5 in Long Blades
  8656 | D:8      | Found an ancient bone altar of Kikubaaqudgha.
  8883 | D:8      | Noticed a soul eater
  9005 | D:8      | Noticed a sixfirhy
  9006 | D:8      | Noticed an orange demon
  9535 | D:9      | Noticed Maurice
  9620 | D:9      | Killed Maurice
  9755 | D:9      | Noticed Grum
  9779 | D:9      | HP: 1/98 [Grum/+0 vorpal spear (23)]
  9779 | D:9      | Slain by Grum

Illustrated notes

Levels and vault maps discovered:
D:1:      minmay_arrival_shoal_huts, layout_loops_cross,
          chequers_serial_rivers_micro_e, minmay_misc_feat_enclosed
D:2:      layout_basic
D:3:      layout_basic, mainiacjoe_overflow_paths, serial_bayou,
          serial_bayou_shore_b, serial_bayou_ford_a, serial_bayou_pond_d,
          serial_bayou_pond_c, serial_bayou_pond_d, serial_bayou_pond_d,
          chequers_jeans
D:4:      layout_loops_ring, gup_sewer_entry_bubbles
D:5:      layout_basic, enter_ossuary_3, serial_shops, nicolae_shop_crystal,
          biasface_ghost_orc_armoury, grunt_ministairs_3, serial_bayou_pond_d
D:6:      layout_loops_ring, kennysheep_big_empty_room
D:7:      layout_loops_ring, minmay_temple_entry_mini_moons, uniq_harold
D:8:      wander_kiku_kobolds, layout_rooms, dpeg_oklobed_lair
D:9:      layout_roguey, mainiacjoe_overflow_boulevard, special_room
          [special_room_orc], hangedman_weighted_door, minmay_statue_bubble,
          uniq_maurice, uniq_grum, uniq_maggie
Temple:   dpeg_five_rooms_temple

Skill      XL: |  1  2  3  4  5  6  7  8  9 10 |
---------------+-------------------------------+-----
Maces & Flails | 3 4 5 6 7 8 |  8.0
Dodging        | 3 4 5 6 |  6.0
Fighting       | 3 4 5 6 |  6.2
Throwing       | 1 2 3 |  3.1
Stealth        | 2 |  2.3
Long Blades    | 4 6 |  6.5
Armour         | 2 |  2.3

Action                   |  1- 3 |  4- 6 |  7- 9 | 10-12 || total
-------------------------+-------+-------+-------+-------++-------
Melee: Mace              |   107 |   198 |   278 |       ||   583
       Punch             |     1 |     4 |     6 |       ||    11
       Giant spiked club |       |       |    23 |       ||    23
       Great sword       |       |       |   141 |   173 ||   314
Throw: Stone             |     5 |    24 |     4 |       ||    33
       Javelin           |     4 |     8 |     4 |       ||    16
       Dart              |       |     2 |     2 |       ||     4
       Boomerang         |       |       |     6 |    17 ||    23
  Use: Scroll            |       |     3 |     6 |     1 ||    10
       Potion            |       |       |       |     3 ||     3
 Stab: Sleeping          |     3 |     2 |     6 |       ||    11
Armor: Robe              |    50 |   110 |   174 |       ||   334
       Troll leather arm |       |       |    79 |   175 ||   254
Dodge: Dodged            |    50 |   172 |   322 |   199 ||   743
